 Dungeon Crawl Stone Soup version 0.28-a0-1130-gc51a68064b (webtiles) character file.

Game seed: 17080283021130138013

147 ytrimaz the Shield-Bearer (level 5, 0/34 (42) HPs)
             Began as a Formicid Fighter on Dec 13, 2021.
             Slain by a kobold brigand (1 damage)
             ... on level 3 of the Dungeon.
             The game lasted 00:02:40 (1808 turns).

ytrimaz the Shield-Bearer (Formicid Fighter)        Turns: 1808, Time: 00:02:41

HP:   0/34 (42)     AC: 13    Str: 23    XL:     5   Next: 55%
MP:   5/5           EV:  6    Int:  7    God:
Gold: 122           SH:  4    Dex: 10    Spells: 4/4 levels left

rFire   . . .      SeeInvis +   a - +0 war axe
rCold   . . .      Faith    .   c - +0 buckler
rNeg    . . .      Spirit   .   i - +0 plate armour
rPois   .          Reflect  .   (helmet unavailable)
rElec   .          Harm     .   g - +0 cloak
rCorr   .          Rampage  .   (no gloves)
Will    .....                   (no boots)
Stlth   ..........              f - amulet of regeneration
HPRegen 0.91/turn               (no ring)
MPRegen 0.09/turn               (no ring)

@: lethally poisoned (0 -> -20), attractive, heavily drained
A: permanent stasis, dig shafts and tunnels, antennae 3, four strong arms
a: Dig, Shaft Self


You were on level 3 of the Dungeon.
You visited 1 branch of the dungeon, and saw 3 of its levels.

You collected 122 gold pieces.

Inventory:

Hand Weapons
 a - a +0 war axe (weapon)
Armour
 c - a +0 buckler (worn)
 g - a +0 cloak (worn)
 i - a +0 plate armour (worn)
Jewellery
 f - an amulet of regeneration (around neck)
Wands
 b - a wand of mindburst (13)
Potions
 d - 2 potions of might
 h - a potion of invisibility {unknown}


   Skills:
 + Level 3.9 Fighting
 + Level 3.5 Axes
 * Level 4.3 Armour
 * Level 4.4 Shields


You had 4 spell levels left.
You didn't know any spells.
Your spell library contained the following spells:

 Spells                   Type           Power      Damage    Failure   Level
 Tukima's Dance           Hex            0%         N/A       100%        3
 Passage of Golubria      Tloc           0%         N/A       100%        4
 Yara's Violent Unravell  Hex/Tmut       0%         3d3       100%        5


Dungeon Overview and Level Annotations

Branches:
Dungeon (3/15)

Altars:


Innate Abilities, Weirdness & Mutations

You cannot be hasted, slowed, berserked, paralysed or teleported.
You can dig through walls and to a lower floor.
You have a pair of large antennae on your head. (SInv)
Your four strong arms can wield two-handed weapons with a shield.


Message History

You feel drained.
The kobold brigand is attracted toward you.
You hit the kobold brigand.
The kobold brigand is moderately wounded.
You closely miss the kobold. The kobold completely misses you.
The kobold brigand hits you but does no damage.
You feel drained.
The kobold brigand is attracted toward you.
Unknown command.
You slash the kobold brigand!
The kobold brigand is severely wounded.
You closely miss the kobold. You barely miss the kobold brigand.
The kobold barely misses you. The kobold brigand barely misses you.
The kobold brigand hits you but does no damage.
You feel drained.
You closely miss the kobold brigand.
The kobold brigand is severely wounded.
You barely miss the kobold. You closely miss the kobold brigand.
The kobold barely misses you.
The kobold brigand hits you with a +1 dagger of venom.
You are poisoned.
The kobold brigand barely misses you.
A kobold comes into view. It is wielding a +0 club.
The kobold barely misses you.
The kobold brigand hits you but does no damage.
You are more poisoned.
The kobold brigand hits you with a +2 dagger of draining.
You feel drained. The kobold is attracted toward you.
You closely miss the kobold brigand.
The kobold shouts!
You hit the kobold but do no damage. You hit the kobold brigand.
You feel extremely sick. The kobold barely misses you.
The kobold brigand hits you with a +1 dagger of venom.
* * * LOW HITPOINT WARNING * * *
You are lethally poisoned!
The kobold brigand hits you with a +2 dagger of draining!
* * * LOW HITPOINT WARNING * * *
You feel drained.
You die...

#.# #†# ## .... > #.#
#.. ...### .# #.#
#.###.≈≈≈##.# #.# #.#
≈≈≈≈≈≈≈≈ ..########.#
≈≈≈≈≈≈ ##
...........####≈≈≈# #...
#).#######....#####K...§
...# #..)))K@K.§.# #..#
#.###).K).### #..# ##.#
####### #..# #..# #..#
##.## #..#####..#
.........## #...####.# #
..# #.#


You could see 2 kobold brigands and 2 kobolds.

Vanquished Creatures
  A centaur skeleton (D:2)
  An orc wizard (D:3)
  2 adders
  A worm (D:2)
  8 orcs (D:3)
  4 endoplasms
  4 giant cockroaches
  3 goblins
  5 hobgoblins
  3 jackals (D:2)
  2 quokkas
  4 ball pythons
  4 bats
  A frilled lizard (D:2)
  13 kobolds
  6 rats
62 creatures vanquished.

Notes
Turn   | Place    | Note
-------+----------+-------------------------------------------
     0 | D:1      | ytrimaz the Formicid Fighter began the quest for the Orb.
     0 | D:1      | Reached XP level 1. HP: 18/18 MP: 1/1
    94 | D:1      | Reached XP level 2. HP: 1/24 MP: 2/2
   825 | D:1      | Reached XP level 3. HP: 29/29 MP: 3/3
   845 | D:1      | Found a faded altar of an unknown god.
  1196 | D:2      | Reached XP level 4. HP: 36/36 MP: 4/4
  1618 | D:3      | Reached XP level 5. HP: 36/42 MP: 5/5
  1796 | D:3      | Noticed a kobold brigand
  1804 | D:3      | Noticed a kobold brigand
  1808 | D:3      | HP: 1/35 [kobold brigand (8)]
  1808 | D:3      | Slain by a kobold brigand

Illustrated notes

Levels and vault maps discovered:
D:1:      eino_arrival_water_star, layout_basic,
          shapermc_ecumenical_altar_notcrosses
D:2:      layout_rooms, hex_tiny
D:3:      cheibrodos_thug_alley, layout_loops_ring, kennysheep_generic_room_11

Skill      XL: |  1  2  3  4 |
---------------+-------------+-----
Shields        | 4 |  4.4
Axes           | 3 |  3.5
Armour         | 4 |  4.3
Fighting       | |  3.9

Action                   |  1- 3 |  4- 6 || total
-------------------------+-------+-------++-------
Melee: War axe           |    85 |    67 ||   152
  Use: Scroll            |     1 |       ||     1
       Potion            |       |     1 ||     1
Armor: Scale mail        |    29 |       ||    29
       Plate armour      |    14 |    78 ||    92
Dodge: Dodged            |    46 |    33 ||    79
Block: Buckler           |    26 |    20 ||    46

Table legend: (Time is in decaauts)
 A = Elapsed time spent in this place.
 B = Non-inter-level travel time spent in this place.
 C = Inter-level travel time spent in this place.
 D = Time resting spent in this place.
 E = Time spent auto-exploring this place.
 F = Levels seen in this place.
 G = Mean time per level.
                   A        B        C        D        E       F      G
               +--------+--------+--------+--------+--------+-----+--------+
         Total |   1864 |   1832 |     32 |    352 |   1005 |   3 |  621.3 |
       Dungeon |   1864 |   1832 |     32 |    352 |   1005 |   3 |  621.3 |
               +--------+--------+--------+--------+--------+-----+--------+

Top non-repeatable levels by time:
     D:1: 1037 daAuts
     D:2: 481 daAuts
     D:3: 345 daAuts
